AoeStats
← Fazzz7z

African Clearing

506726087Analyzed
2v2 RM · 18d ago on Sep 14, 2026· 31m 27s· 4 players
Game mode
Random Map
Map size
Medium (4 player)
Population
200
Speed
Normal
Resources
Standard
Victory
Conquest
Starting age
Dark Age
Ending age
Imperial Age
RankedLock teamsTeams togetherTeam positionsShared explorationLock speedFull tech treeHidden civsTurbo modeCheats
Victory
Defeat
🇬🇧 Franks · United Kingdom
1373
+18
1314
+20
🇨🇦 Mongols · Canada
1426
-20
🇫🇷 Persians · France
1381
-18
[CONQUIS]peregringamer
3:53 Loom
12:31 Feudal Age
13:56 Double-Bit Axe
20:11 Scale Mail Armor
20:47 Fletching
23:58 Forging
32:45 Castle Age
31:25 Town Watch
32:15 Wheelbarrow
Fazzz7z
3:49 Loom
14:01 Feudal Age
22:26 Forging
26:36 Castle Age
25:07 Double-Bit Axe
25:15 Gold Mining
25:19 Stone Mining
25:48 Scale Barding Armor
27:23 Husbandry
28:05 Wheelbarrow
28:06 Bow Saw
31:49 Chain Barding Armor
32:42 Gold Shaft Mining
Jaha
4:33 Loom
12:35 Feudal Age
13:07 Town Watch
13:50 Double-Bit Axe
16:22 Bloodlines
16:23 Scale Barding Armor
17:44 Forging
17:52 Fletching
28:13 Wheelbarrow
FLEJEUNE
7:40 Loom
12:16 Feudal Age
13:40 Double-Bit Axe
13:43 Town Watch
17:00 Wheelbarrow
17:06 Fletching
29:34 Castle Age
28:52 Gold Mining
30:30 Husbandry
30:41 Bloodlines
30:48 Bloodlines
30:47 Scale Barding Armor
Connection lost

Rejoining the realm…

Still unreachable

The connection could not be restored.

Session expired

The server has moved on; the page needs a fresh start.